[Event "FIDE Women's Grand Swiss 2023"]
[Site "Villa Marina, Douglas, Isle of Man, Isle Of Man"]
[Date "2023.11.01"]
[Round "7.1"]
[White "Goryachkina, Aleksandra"]
[Black "Muzychuk, Anna"]
[Result "1/2-1/2"]
[TimeControl "40/90 + 30 + 30s/move"]
[WhiteFideId "4147103"]
[BlackFideId "14111330"]
[WhiteElo "2558"]
[BlackElo "2510"]

1. e4 e5 2. Nf3 Nc6 3. Bb5 a6 4. Ba4 Nf6 5. O-O Bc5 6. d3 d6 7. h3 b5 8. Bb3 Na5 9. Nc3 h6 10.
Ne2 O-O 11. Ng3 Re8 12. Bd2 Nxb3 13. axb3 d5 14. Qe2 Bb7 15. Rfd1 Qd7 16. Nh2 dxe4 17. dxe4 Qc6 18. Re1 Rad8 19.
b4 Bd4 20. c3 Bb6 21. Rad1 a5 22. bxa5 Bxa5 23. Ng4 Nxg4 24. hxg4 Bc8 25. Nf5 Bxf5 26. exf5 f6 27. Be3 Bb6 28.
Bxb6 cxb6 29. Rxd8 Rxd8 30. Rd1 Rxd1+ 31. Qxd1 Qe4 32. Qb3+ Qc4 33. Qd1 Kh7 34. f3 b4 35. cxb4 Qxb4 36.
Qe2 Qc5+ 37. Kf1 Qc1+ 38. Kf2 Qc5+ 39. Kf1 Qc1+ 40. Kf2 Qc5+ 41. Kf1 Qc1+ 1/2-1/2

[Event "FIDE Women's Grand Swiss 2023"]
[Site "Villa Marina, Douglas, Isle of Man, Isle Of Man"]
[Date "2023.11.01"]
[Round "7.11"]
[White "Paehtz, Elisabeth"]
[Black "Narva, Mai"]
[Result "1/2-1/2"]
[TimeControl "40/90 + 30 + 30s/move"]
[WhiteFideId "4641833"]
[BlackFideId "4500512"]
[WhiteElo "2484"]
[BlackElo "2399"]

1. e4 c5 2. Nf3 Nc6 3. Bc4 e6 4. O-O Nge7 5. Re1 Ng6 6. c3 Be7 7. d4 d5 8. exd5 exd5 9. Bf1 cxd4 10.
Nxd4 O-O 11. Be3 Nce5 12. Nd2 Ng4 13. N2f3 Bd6 14. Qd2 Bd7 15. Bg5 Qa5 16. h3 N4e5 17. Nxe5 Nxe5 18. Nb3 Qc7 19.
Qxd5 Be6 20. Qd1 h6 21. Bf4 a6 22. Nd4 Bd7 23. Bg3 Rae8 24. Qb3 Kh8 25. Qd5 f5 26. Bxe5 Bxe5 27. Rad1 f4 28.
Nf3 Bc6 29. Qd3 Bf6 30. Qg6 Qf7 31. Rxe8 Qxe8 32. Qxe8 Rxe8 33. Nd4 Bd5 34. a3 b5 35. Bd3 Rd8 36. Bg6 Kg8 37. Re1 Bxd4 38.
cxd4 Bf7 39. Bxf7+ Kxf7 40. Rd1 Rc8 41. Rd2 Rc1+ 42. Kh2 Ke6 43. g3 fxg3+ 44. Kxg3 Kd5 45. Kf4 Ke5+ 46. Ke4+ Rc4+ 1/2-1/2